 Dungeon Crawl Stone Soup version 0.30-a0-371-gad7725a93e (webtiles) character file.

Game seed: 2376018331320379017

271 bande the Covered (level 6, -1/38 HPs)
             Began as a Gargoyle Fighter on Nov 22, 2022.
             Was an Initiate of Okawaru.
             Constricted to death by Ijyb (4 damage)
             ... on level 3 of the Dungeon.
             The game lasted 00:03:45 (2535 turns).

bande the Covered (Gargoyle Fighter)                Turns: 2535, Time: 00:03:46

Health: -1/38      AC: 11    Str: 20    XL:     6   Next: 23%
Magic:  6/6        EV:  6    Int:  8    God:    Okawaru [......]
Gold:   116        SH:  4    Dex: 11    Spells: 5/5 levels left

rFire   . . .      SeeInvis .    a - +0 war axe
rCold   . . .      Faith    .    c - +0 buckler
rNeg    + . .      Spirit   .    b - +0 scale mail
rPois   ∞          Reflect  .    (no helmet)
rElec   +          Harm     .    (no cloak)
rCorr   .          Rampage  .    (no gloves)
Will    .....                    (no boots)
Stlth   ..........               (no amulet)
HPRegen 0.26/turn                (no ring)
MPRegen 0.10/turn                (no ring)

@: grasped by roots, constricted
A: sickness immunity, AC +4, negative energy resistance 1, electricity
resistance, torment resistance 1, petrification resistance
a: Renounce Religion


You were on level 3 of the Dungeon.
You worshipped Okawaru.
Okawaru was noncommittal.
You visited 1 branch of the dungeon, and saw 4 of its levels.

You collected 116 gold pieces.

Inventory:

Hand Weapons
 a - a +0 war axe (weapon)
 q - a +0 flail
Armour
 b - a +0 scale mail (worn)
 c - a +0 buckler (worn)
Jewellery
 m - a ring of magical power
Scrolls
 e - 11 scrolls of identify {unknown}
 g - a scroll of poison {unknown}
 h - a scroll of brand weapon {unknown}
 j - a scroll of fear {unknown}
 n - a scroll of teleportation {unknown}
 o - a scroll of enchant armour {unknown}
 t - a scroll of immolation {unknown}
 u - a scroll of butterflies {unknown}
Potions
 d - 2 potions of might
 f - a potion of heal wounds {unknown}
 i - 2 potions of haste {unknown}
 k - a potion of magic {unknown}
 l - a potion of curing {unknown}
 p - a potion of attraction {unknown}
 r - 2 potions of flight {unknown}
 s - a potion of lignification {unknown}


   Skills:
 + Level 4.2 Fighting
 + Level 4.4 Axes
 + Level 4.4 Armour
 + Level 3.7 Shields


You had 5 spell levels left.
You didn't know any spells.
Your spell library was empty.

Dungeon Overview and Level Annotations

Branches:
Dungeon (4/15)
 Temple: D:4-7

Altars:
Okawaru

Shops:
D:2 [

Annotations:
D:3 Ijyb


Innate Abilities, Weirdness & Mutations

You are immune to sickness and miasma.
Your stone body is resilient. (AC +4)
You are immune to poison.
You resist negative energy. (rN+)
You are resistant to electric shocks. (rElec)
You are resistant to unholy torment.
You are immune to petrification.


Message History

Unknown command.
You closely miss Ijyb. You block Ijyb's attack.
The grasping roots constrict you.
The grasping roots release their grip on you.
Unknown command.
You hit Ijyb but do no damage. You block Ijyb's attack.
Ijyb zaps a wand.
The roots erupt in riotous growth!
The grasping roots grab you!
Ijyb is unaffected.
The grasping roots constrict you.
You hit Ijyb but do no damage. Ijyb barely misses you.
The grasping roots constrict you.
The grasping roots release their grip on you.
You hit Ijyb but do no damage. Ijyb hits you but does no damage.
Unknown command.
Unknown command.
Unknown command.
You hit Ijyb.
Ijyb is lightly wounded.
Ijyb zaps a wand.
The roots erupt in riotous growth!
The grasping roots grab you!
Ijyb is unaffected.
The grasping roots constrict you.
You hit Ijyb but do no damage.
Ijyb is lightly wounded.
Ijyb hits you with a +0 club.
* * * LOW HITPOINT WARNING * * *
The grasping roots constrict you.
* * * LOW HITPOINT WARNING * * *
Ijyb hits you but does no damage. The grasping roots constrict you.
You closely miss Ijyb.
Ijyb is lightly wounded.
Ijyb barely misses you. The grasping roots constrict you.
* * * LOW HITPOINT WARNING * * *
The grasping roots release their grip on you.
Unknown command.
You hit Ijyb.
Ijyb is lightly wounded.
Ijyb zaps a wand.
The roots erupt in riotous growth!
The grasping roots grab you!
Ijyb is unaffected.
The grasping roots constrict you.
You die...

#########.......#.#
.......>...........
.##########.#####.#
##...### #.# # #
......# #.# #.
##.##.###.#######
#..#...#.../........
#.....g.........####
#...._@.........#
#.....†)........#
#..#...#........# ##
##.##........#
.............#
##............#
####.........#
#.........#


You could see Ijyb.

Vanquished Creatures
  A black bear (D:4)
  A hound (D:4)
  An orc priest (D:4)
  An iguana (D:3)
  An orc wizard (D:4)
  A worm (D:2)
  5 orcs
  An endoplasm (D:1)
  4 giant cockroaches
  5 goblins
  7 hobgoblins
  4 jackals (D:1)
  A quokka (D:1)
  10 ball pythons
  5 bats
  3 frilled lizards
  6 kobolds
  7 rats
64 creatures vanquished.

Vanquished Creatures (others)
  13 fungi
13 creatures vanquished.

Grand Total: 77 creatures vanquished

Notes
Turn   | Place    | Note
-------+----------+-------------------------------------------
     0 | D:1      | bande the Gargoyle Fighter began the quest for the Orb.
     0 | D:1      | Reached XP level 1. HP: 14/14 MP: 1/1
   173 | D:1      | Reached XP level 2. HP: 19/19 MP: 2/2
   386 | D:1      | Reached XP level 3. HP: 18/23 MP: 3/3
   535 | D:1      | Found a faded altar of an unknown god.
  1226 | D:2      | Found Ameog's Armour Emporium.
  1624 | D:3      | Reached XP level 4. HP: 15/29 MP: 4/4
  2137 | D:3      | You fall into a shaft and drop 1 floor!
  2194 | D:4      | Reached XP level 5. HP: 26/33 MP: 5/5
  2397 | D:4      | Noticed a black bear
  2416 | D:4      | Killed a black bear
  2417 | D:4      | Reached XP level 6. HP: 21/38 MP: 6/6
  2507 | D:3      | Found an iron altar of Okawaru.
  2512 | D:3      | Noticed Ijyb
  2518 | D:3      | Became a worshipper of Warmaster Okawaru
  2535 | D:3      | Constricted to death by Ijyb

Illustrated notes

Levels and vault maps discovered:
D:1:      scummos_arrival_simple_fountains, layout_loops_cross,
          dreamdust_ecumenical_altar_hidden_monk_grotto,
          chequers_serial_rivers_large_b
D:2:      layout_basic, serial_shops, nicolae_diamond_shop,
          chequers_serial_rivers_micro_d, minmay_misc_feat_columns,
          minmay_tree_intersection
D:3:      layout_basic, okawaru_gym_becter, nicolae_underground_beach,
          uniq_robin, uniq_ijyb
D:4:      minmay_general_purpose_star, layout_cave_pools,
          mainiacjoe_overflow_catch_the_wave, kennysheep_path_1

Skill      XL: |  1  2  3  4  5 |
---------------+----------------+-----
Axes           | 2 3 4 |  4.4
Armour         | 4 |  4.4
Fighting       | 4 |  4.2
Shields        | |  3.7

Action                   |  1- 3 |  4- 6 || total
-------------------------+-------+-------++-------
Melee: War axe           |   155 |    87 ||   242
Armor: Scale mail        |    81 |    79 ||   160
Dodge: Dodged            |    92 |    54 ||   146
Block: Buckler           |    30 |    31 ||    61

Table legend: (Time is in decaauts)
 A = Elapsed time spent in this place.
 B = Non-inter-level travel time spent in this place.
 C = Inter-level travel time spent in this place.
 D = Time resting spent in this place.
 E = Time spent auto-exploring this place.
 F = Levels seen in this place.
 G = Mean time per level.
                   A        B        C        D        E       F      G
               +--------+--------+--------+--------+--------+-----+--------+
         Total |   2658 |   2658 |      0 |    323 |   1702 |   4 |  664.5 |
       Dungeon |   2658 |   2658 |      0 |    323 |   1702 |   4 |  664.5 |
               +--------+--------+--------+--------+--------+-----+--------+

Top non-repeatable levels by time:
     D:2: 862 daAuts
     D:1: 809 daAuts
     D:3: 613 daAuts
     D:4: 372 daAuts
